Map: Orbital Shipyard

Players

PSK - Winner!

  • Race: Zerg Zerg
  • League: Gold

Novawulfen

  • Race: Terran Terran
  • League: Gold

VOD

Have the link to the VOD?

Description

Time

  • Played on: Nov. 15, 2015, 5:33 a.m.
  • Length: 7:50
Show
View Real Time Build Order
Export as new Build Order

PSK Zerg - Winner!

Build Orders: Hatch First 

Get SALT Encoding   

  12  0:01  Drone  
  13  0:12  Overlord  
  13  0:19  Drone  
  14  0:31  Drone x2  
  14  0:34  Drone  
  17  0:53  Hatchery  
  16  0:58  Drone  
  17  1:11  Spawning Pool  
  16  1:13  Drone  
  16  1:16  Extractor  
  16  1:19  Drone  
  16  1:23  Drone  
  18  1:45  Drone x2  
  20  1:55  Overlord  
  20  2:00  Queen  
  22  2:09  Queen  
  22  2:15  Overlord  
  24  2:18  Drone  
  25  2:24  Drone  
  25  2:25  Drone  
  27  2:30  Metabolic Boost  
  27  2:40  Drone x3  
  27  2:42  Drone  
  31  2:52  Drone x2  
  33  3:03  Evolution Chamber, Drone x2  
  34  3:21  Drone x4  
  34  3:24  Lair, Extractor  
  34  3:25  Extractor  
  36  3:34  Zerg Melee Weapons Level 1  
  36  3:37  Hatchery  
  35  3:41  Zergling x4  
  35  3:42  Zergling x6  
  40  3:56  Drone x4  
  40  3:58  Overlord  
  40  3:59  Overlord  
  44  4:16  Zergling x6  
  44  4:17  Zergling x8  
  51  4:25  Spore Crawler  
  51  4:27  Spore Crawler  
  49  4:45  Drone x6  
  55  4:56  Baneling Nest  
  55  4:57  Spire  
  55  4:58  Pneumatized Carapace  
  53  5:13  Zergling x16  
  57  5:58  Baneling x5  
  57  5:59  Baneling x2  
  57  6:05  Baneling x2  
  57  6:11  Drone x9  
  64  6:12  Extractor  
  64  6:14  Overlord x3  
  64  6:15  Overlord x2, Queen  
  64  6:16  Extractor  
  62  6:33  Baneling x2  
  62  6:37  Drone x6  
  62  6:38  Drone x3  
  71  6:46  Baneling x9  
  71  7:01  Spine Crawler  
  63  7:25  Zergling x20  
  63  7:26  Zergling x16  
Show
View Real Time Build Order
Export as new Build Order

Novawulfen Terran 

Build Orders:  

Get SALT Encoding   

  12  0:01  SCV  
  13  0:13  SCV  
  14  0:22  Supply Depot  
  14  0:25  SCV  
  15  0:43  SCV  
  15  0:44  Barracks  
  15  0:47  Refinery  
  16  0:55  SCV  
  17  1:07  SCV  
  18  1:20  SCV  
  19  1:31  Marine  
  19  1:32  Supply Depot  
  20  1:33  Orbital Command  
  19  1:50  Marine  
  20  2:00  SCV, Factory  
  21  2:11  Command Center  
  21  2:15  SCV  
  22  2:26  Barracks Reactor  
  22  2:27  SCV  
  23  2:39  SCV  
  24  2:44  Supply Depot  
  24  2:46  Starport  
  24  2:48  Hellion  
  26  2:51  SCV  
  27  3:03  SCV  
  28  3:09  Marine x2  
  30  3:15  Barracks  
  30  3:17  Barracks  
  30  3:33  Orbital Command  
  30  3:37  SCV  
  30  3:39  Hellion x2  
  30  3:40  Barracks Tech Lab  
  35  3:47  Medivac  
  37  3:58  Marine  
  38  4:08  Refinery  
  38  4:09  Refinery  
  38  4:15  SCV  
  38  4:16  SCV, Marine  
  41  4:17  Hellion  
  43  4:28  Hellion  
  43  4:30  Marine x2  
  47  4:33  Medivac  
  47  4:34  Marine  
  47  4:37  SCV  
  51  4:38  SCV  
  51  4:45  Hellion  
  54  4:47  Stimpack  
  54  4:55  Supply Depot  
  54  5:00  Barracks Reactor, Supply Depot  
  54  5:01  Barracks Reactor  
  54  5:16  SCV, Marine  
  54  5:17  Supply Depot, Hellion x2  
  54  5:19  SCV  
  61  5:26  Armory  
  61  5:35  Starport Reactor  
  45  6:06  Marine x3  
  45  6:07  Marine x2  
  50  6:17  SCV  
  51  6:24  Marine x2  
  53  6:29  SCV  
  53  6:32  Orbital Command  
  54  6:35  Command Center  
  54  6:46  Marine  
  54  6:47  Marine  
  56  6:59  Marine  
  57  7:15  Marine x4  
  42  7:28  Marine  
Tags
 
Add a new tag
Caveats
  • Supply blocks, unpowered buildings, or Contaminate may cause inaccurate times.
  • Supply counts are checked every 10 seconds.